3735 views
Uploaded 2020-04-23 06:07:32
Game version 1.32.3
5:33 long 2on2 ladder game on (4)TwistedMeadows
Saved by zebroni
3735 views
Uploaded 2020-04-23 06:07:32
Game version 1.32.3
5:33 long 2on2 ladder game on (4)TwistedMeadows
32 units @ 3.6k
/ 0.1k
13 buildings @ 2.1k
/ 0.6k

| Wisp | 12 | 720 | / | 0 |
| Huntress | 4 | 780 | / | 80 |
| total: | 16 | 1500g | / | 80w |
| Altar of Elders | 1 | 180 | / | 50 |
| Moon Well | 3 | 540 | / | 120 |
| Ancient of War | 1 | 150 | / | 60 |
| Hunter's Hall | 1 | 210 | / | 100 |
| Ancient of Wonders | 1 | 90 | / | 30 |
| Tree of Ages | 1 | 320 | / | 180 |
| total: | 7 | 1170g | / | 360w |
| 0:10 | Wisp |
| 0:10 | Wisp |
| 0:18 | Altar of Elders |
| 0:27 | Moon Well |
| 0:29 | Wisp |
| 0:39 | Wisp |
| 0:39 | Wisp |
| 0:39 | Wisp |
| 0:44 | Wisp |
| 1:00 | Wisp |
| 1:00 | Wisp |
| 1:40 | Wisp |
| 1:40 | Wisp |
| 2:03 | Ancient of War |
| 2:06 | Hunter's Hall |
| 2:16 | Moon Well |
| 2:19 | Wisp |
| 2:26 | Entangling Roots |
| 3:08 | Tree of Ages |
| 3:08 | Huntress |
| 3:20 | Huntress |
| 3:46 | Ultravision |
| 4:01 | Huntress |
| 4:05 | Moon Well |
| 4:39 | Force of Nature |
| 5:00 | Ancient of Wonders |
| 5:05 | Huntress |

| Healing Salve | 1 | 100 |
| Lesser Clarity Potion | 1 | 70 |
| total: | 2 | 170g |
| Peon | 9 | 675 | / | 0 |
| Grunt | 7 | 1400 | / | 0 |
| total: | 16 | 2075g | / | 0w |
| Altar of Storms | 1 | 180 | / | 50 |
| Orc Burrow | 3 | 480 | / | 120 |
| Voodoo Lounge | 1 | 130 | / | 30 |
| Barracks | 1 | 180 | / | 50 |
| Stronghold | 2 | 630 | / | 380 |
| total: | 6 | 970g | / | 250w |
| 0:05 | Peon |
| 0:06 | Peon |
| 0:06 | Peon |
| 0:14 | Altar of Storms |
| 0:20 | Orc Burrow |
| 0:29 | Peon |
| 0:37 | Peon |
| 0:47 | Voodoo Lounge |
| 0:57 | Peon |
| 1:08 | Peon |
| 1:14 | Peon |
| 1:26 | Barracks |
| 1:37 | Peon |
| 1:51 | Orc Burrow |
| 2:13 | Healing Salve |
| 2:13 | Lesser Clarity Potion |
| 2:15 | Feral Spirit |
| 2:55 | Stronghold |
| 2:55 | Grunt |
| 2:56 | Grunt |
| 3:20 | Grunt |
| 3:20 | Grunt |
| 3:51 | Grunt |
| 3:52 | Orc Burrow |
| 4:18 | Grunt |
| 4:38 | Grunt |
| 5:02 | Chain Lighting |
32 units @ 3.8k
/ 0.2k
15 buildings @ 2k
/ 0.6k

| Acolyte | 2 | 150 | / | 0 |
| Ghoul | 2 | 240 | / | 0 |
| Crypt Fiend | 6 | 1290 | / | 240 |
| total: | 10 | 1680g | / | 240w |
| Crypt | 1 | 200 | / | 50 |
| Ziggurat | 3 | 450 | / | 150 |
| Graveyard | 1 | 215 | / | 0 |
| Altar of Darkness | 1 | 180 | / | 50 |
| Halls of the Dead | 1 | 320 | / | 210 |
| total: | 6 | 1045g | / | 250w |
| 0:03 | Acolyte |
| 0:04 | Acolyte |
| 0:07 | Crypt |
| 0:12 | Ziggurat |
| 0:38 | Graveyard |
| 0:58 | Altar of Darkness |
| 1:10 | Ghoul |
| 1:21 | Ghoul |
| 1:37 | Ziggurat |
| 1:59 | Crypt Fiend |
| 2:21 | Crypt Fiend |
| 2:51 | Creature Attack |
| 2:57 | Crypt Fiend |
| 3:00 | Death Coil |
| 3:23 | Crypt Fiend |
| 4:00 | Ziggurat |
| 4:08 | Halls of the Dead |
| 4:47 | Creature Carapace |
| 4:51 | Unholy Aura |
| 5:18 | Crypt Fiend |
| 5:27 | Crypt Fiend |

| Lesser Clarity Potion | 1 | 70 |
| Scroll of Regeneration | 1 | 100 |
| total: | 2 | 170g |
| Peasant | 15 | 1125 | / | 0 |
| Footman | 7 | 945 | / | 0 |
| total: | 22 | 2070g | / | 0w |
| Scout Tower | 1 | 30 | / | 20 |
| Arcane Tower | 3 | 210 | / | 150 |
| Altar of Kings | 1 | 180 | / | 50 |
| Farm | 4 | 320 | / | 80 |
| Barracks | 1 | 160 | / | 60 |
| Blacksmith | 1 | 140 | / | 60 |
| Arcane Vault | 1 | 130 | / | 30 |
| total: | 9 | 960g | / | 300w |
| 0:02 | Peasant |
| 0:03 | Peasant |
| 0:03 | Peasant |
| 0:03 | Peasant |
| 0:03 | Peasant |
| 0:08 | Altar of Kings |
| 0:19 | Farm |
| 0:36 | Barracks |
| 0:38 | Peasant |
| 0:51 | Farm |
| 1:02 | Peasant |
| 1:13 | Peasant |
| 1:22 | Farm |
| 1:35 | Peasant |
| 1:38 | Footman |
| 1:38 | Footman |
| 1:38 | Footman |
| 1:41 | Scout Tower |
| 1:47 | Peasant |
| 1:59 | Summon Water Elemental |
| 2:05 | Footman |
| 2:08 | Arcane Tower |
| 2:08 | Arcane Tower |
| 2:59 | Footman |
| 3:36 | Peasant |
| 3:37 | Peasant |
| 3:37 | Footman |
| 3:54 | Blacksmith |
| 4:01 | Footman |
| 4:08 | Arcane Vault |
| 4:14 | Peasant |
| 4:14 | Peasant |
| 4:21 | Brilliance Aura |
| 4:44 | Farm |
| 4:52 | Defend |
| 4:56 | Peasant |
| 5:03 | Lesser Clarity Potion |
| 5:04 | Scroll of Regeneration |